SKY
ST. LOUIS CARDINALS @ LOS ANGELES DODGERS
05/27/2052
 
TOP OF THE 1ST
St. Louis Cardinals batting - Pitching for Los Angeles Dodgers : RHP Keylon Mason
Pitching: RHP Keylon Mason
Batting: SHB Joseph Mitchell 0-0: Ball
1-0: SINGLE (Groundball, 34D, EV 105.0 MPH)
Batting: LHB Josef Rosendorff 0-0: Called Strike
0-1: Ball
1-1: Swinging Strike
1-2: Strikes out swinging
Batting: RHB Edward Lepak 0-0: Ground out 4-3 (Groundball, 34, EV 108.1 MPH)
Joseph Mitchell to second
Batting: RHB Dan Moore 0-0: Ball
1-0: Ball
2-0: Swinging Strike
2-1: Foul Ball, location: 2F
2-2: Fly out, F7 (Flyball, 7S, EV 84.4 MPH)
Top of the 1st over - 0 runs, 1 hit, 0 errors, 1 left on base; St. Louis 0 - Los Angeles 0
BOTTOM OF THE 1ST
Los Angeles Dodgers batting - Pitching for St. Louis Cardinals : LHP Gabriel Balboa
Pitching: LHP Gabriel Balboa
Batting: RHB Noah Summerville 0-0: Called Strike
0-1: Ball
1-1: Foul Ball, location: 2F
1-2: Ball
2-2: Strikes out swinging
Batting: RHB Griffin Johnston 0-0: Called Strike
0-1: Fly out, F9 (Flyball, 9D, EV 86.9 MPH)
Batting: RHB Storm Ellis 0-0: Ball
1-0: Ball
2-0: SOLO HOME RUN (Flyball, 7LD, EV 95.6 MPH), Distance : 355 ft
Batting: LHB Kerry Pietrzak 0-0: Ball
1-0: SINGLE (Groundball, 25, EV 70.6 MPH) (infield hit)
Batting: RHB Everson Alberto 0-0: Ball
1-0: Ball
2-0: Ball
3-0: Called Strike
3-1: Foul Ball, location: 2F
3-2: Base on Balls
Kerry Pietrzak to second
Batting: RHB Isaac Joseph 0-0: Ball
1-0: Fly out, F9 (Flyball, 9, EV 88.8 MPH)
Bottom of the 1st over - 1 run, 2 hits, 0 errors, 2 left on base; St. Louis 0 - Los Angeles 1
TOP OF THE 2ND
St. Louis Cardinals batting - Pitching for Los Angeles Dodgers : RHP Keylon Mason
Batting: SHB Lucas Cavanaugh 0-0: Called Strike
0-1: Ball
1-1: Swinging Strike
1-2: Ball
2-2: Fly out, F7 (Flyball, 7S, EV 78.1 MPH)
Batting: RHB Paco Paredes 0-0: Called Strike
0-1: Swinging Strike
0-2: Ball
1-2: SINGLE (Line Drive, 5D, EV 99.4 MPH)
Batting: SHB Sammy Horgan 0-0: Ball
1-0: Foul Ball, location: 2F
1-1: Ball
2-1: Fly out, F5 (Popup, 56, EV 68.1 MPH)
Batting: LHB Marcus Jones 0-0: Called Strike
0-1: Ball
1-1: Foul Ball, location: 7LDF
1-2: Strikes out swinging
Top of the 2nd over - 0 runs, 1 hit, 0 errors, 1 left on base; St. Louis 0 - Los Angeles 1
BOTTOM OF THE 2ND
Los Angeles Dodgers batting - Pitching for St. Louis Cardinals : LHP Gabriel Balboa
Batting: RHB Ryker Andrade 0-0: Ball
1-0: Ball
2-0: Ball
3-0: Called Strike
3-1: Called Strike
3-2: Fly out, F9 (Flyball, 89S, EV 90.6 MPH)
Batting: SHB Kevin Tanaka 0-0: Ball
1-0: Ground out U3 (Groundball, 3, EV 102.5 MPH)
Batting: RHB Christian LeTourneau 0-0: Ball
1-0: Foul Ball, location: 2F
1-1: Called Strike
1-2: Ball
2-2: Foul Ball, location: 7LSF
2-2: Ball
3-2: Base on Balls
Batting: RHB Noah Summerville 0-0: Fielders Choice at 2nd, 6-4 (Groundball, 6, EV 88.1 MPH)
Bottom of the 2nd over - 0 runs, 0 hits, 0 errors, 1 left on base; St. Louis 0 - Los Angeles 1
TOP OF THE 3RD
St. Louis Cardinals batting - Pitching for Los Angeles Dodgers : RHP Keylon Mason
Batting: RHB Thomas Hale 0-0: Ground out 6-3 (Groundball, 6, EV 84.4 MPH)
Batting: SHB Joseph Mitchell 0-0: Foul Ball, location: 25F
0-1: Foul Ball, location: 2F
0-2: Ball
1-2: Foul Ball, location: 2F
1-2: Fly out, F8 (Line Drive, 8RM, EV 92.5 MPH)
Batting: LHB Josef Rosendorff 0-0: Ball
1-0: Swinging Strike
1-1: Ball
2-1: SINGLE (Flyball, 8RS, EV 90.0 MPH) - OUT at second base trying to stretch hit.
Top of the 3rd over - 0 runs, 1 hit, 0 errors, 0 left on base; St. Louis 0 - Los Angeles 1
BOTTOM OF THE 3RD
Los Angeles Dodgers batting - Pitching for St. Louis Cardinals : LHP Gabriel Balboa
Batting: RHB Griffin Johnston 0-0: Ball
1-0: Foul Ball, location: 2F
1-1: Foul Ball, location: 7LMF
1-2: Fly out, F8 (Flyball, 8RS, EV 97.5 MPH)
Batting: RHB Storm Ellis 0-0: Swinging Strike
0-1: Foul Ball, location: 5F
0-2: Ball
1-2: Fly out, F7 (Flyball, 7D, EV 98.1 MPH)
Batting: LHB Kerry Pietrzak 0-0: Ball
1-0: Foul Ball, location: 3F
1-1: Ball
2-1: Ball
3-1: Called Strike
3-2: Strikes out swinging
Bottom of the 3rd over - 0 runs, 0 hits, 0 errors, 0 left on base; St. Louis 0 - Los Angeles 1
TOP OF THE 4TH
St. Louis Cardinals batting - Pitching for Los Angeles Dodgers : RHP Keylon Mason
Batting: RHB Edward Lepak 0-0: Called Strike
0-1: Swinging Strike
0-2: Ball
1-2: Ball
2-2: Ball
3-2: Foul Ball, location: 25F
3-2: Foul Ball, location: 2F
3-2: Ground out 6-3 (Groundball, 56, EV 85.6 MPH)
Batting: RHB Dan Moore 0-0: Foul Ball, location: 23F
0-1: Ball
1-1: Ball
2-1: Fly out, F5 (Popup, 5L, EV 58.8 MPH)
Batting: SHB Lucas Cavanaugh 0-0: Ball
1-0: Foul Ball, location: 2F
1-1: Called Strike
1-2: Ball
2-2: Foul Ball, location: 2F
2-2: Strikes out looking
Top of the 4th over - 0 runs, 0 hits, 0 errors, 0 left on base; St. Louis 0 - Los Angeles 1
BOTTOM OF THE 4TH
Los Angeles Dodgers batting - Pitching for St. Louis Cardinals : LHP Gabriel Balboa
Batting: RHB Everson Alberto 0-0: Ball
1-0: Ball
2-0: Called Strike
2-1: Called Strike
2-2: Strikes out swinging
Batting: RHB Isaac Joseph 0-0: SINGLE (Groundball, 4D, EV 100.0 MPH)
Batting: RHB Ryker Andrade 0-0: Ball
1-0: Ball
2-0: Foul Ball, location: 2F
2-1: Ball
3-1: Base on Balls
Isaac Joseph to second
Batting: SHB Kevin Tanaka 0-0: Called Strike
0-1: Ball
1-1: SINGLE (Groundball, 4MD, EV 100.0 MPH)
Isaac Joseph to third
Ryker Andrade to second
Runner from 3rd tries for Home, SAFE, throw by CF to home
Ryker Andrade to third
Kevin Tanaka to second
Batting: RHB Christian LeTourneau 0-0: Called Strike
0-1: Ball
1-1: Ball
2-1: Ball
3-1: Called Strike
3-2: Ground out 6-3 (Groundball, 6, EV 95.6 MPH)
Batting: RHB Noah Summerville 0-0: Ball
1-0: Ball
2-0: Called Strike
2-1: Swinging Strike
2-2: Ball
3-2: Base on Balls
Batting: RHB Griffin Johnston 0-0: Ball
1-0: Ball
2-0: Called Strike
2-1: Foul Ball, location: 23F
2-2: Fly out, F9 (Flyball, 9, EV 77.5 MPH)
Bottom of the 4th over - 1 run, 2 hits, 0 errors, 3 left on base; St. Louis 0 - Los Angeles 2
TOP OF THE 5TH
St. Louis Cardinals batting - Pitching for Los Angeles Dodgers : RHP Keylon Mason
Batting: RHB Paco Paredes 0-0: Called Strike
0-1: Ball
1-1: Ball
2-1: Fly out, F8 (Flyball, 89M, EV 90.6 MPH)
Batting: SHB Sammy Horgan 0-0: Swinging Strike
0-1: Foul Ball, location: 3SF
0-2: Foul Ball, location: 3F
0-2: Ball
1-2: SINGLE (Groundball, 6MD, EV 101.9 MPH)
Batting: LHB Marcus Jones 0-0: Called Strike
0-1: Ball
1-1: Foul Ball, location: 3F
1-2: Foul Ball, location: 7LSF
1-2: Foul Ball, location: 7LDF
1-2: DOUBLE (Flyball, 78D, EV 105.6 MPH)
Sammy Horgan to third
Runner from 3rd tries for Home, SAFE, no throw by LF
Batting: RHB Thomas Hale 0-0: Called Strike
0-1: Ball
1-1: Swinging Strike
1-2: Strikes out swinging
Batting: SHB Joseph Mitchell 0-0: Called Strike
0-1: Foul Ball, location: 2F
0-2: Ground out 5-3 (Groundball, 6, EV 101.3 MPH)
Top of the 5th over - 1 run, 2 hits, 0 errors, 1 left on base; St. Louis 1 - Los Angeles 2
BOTTOM OF THE 5TH
Los Angeles Dodgers batting - Pitching for St. Louis Cardinals : LHP Gabriel Balboa
Batting: RHB Storm Ellis 0-0: Called Strike
0-1: Ball
1-1: Swinging Strike
1-2: Foul Ball, location: 9LDF
1-2: Ball
2-2: Foul Ball, location: 2F
2-2: SINGLE (Line Drive, 6D, EV 95.0 MPH)
Pitching: RHP Ian Gatta
Batting: LHB Kerry Pietrzak 0-0: Ball
1-0: Ball
2-0: Ball
3-0: Base on Balls
Storm Ellis to second
Batting: RHB Everson Alberto 0-0: Swinging Strike
0-1: Called Strike
0-2: Ball
1-2: Ball
2-2: Foul Ball, location: 2F
2-2: Ball
3-2: Foul Ball, location: 25F
3-2: SINGLE (Line Drive, 89S, EV 98.1 MPH)
Storm Ellis to third
Kerry Pietrzak to second
Batting: RHB Isaac Joseph 0-0: Called Strike
0-1: Foul Ball, location: 2F
0-2: Strikes out looking
Batting: RHB Ryker Andrade 0-0: Swinging Strike
0-1: Grounds into fielders choice 5-2 (Groundball, 56S, EV 83.1 MPH)
Kerry Pietrzak to third
Everson Alberto to second
Batting: SHB Kevin Tanaka 0-0: Ground out 4-3 (Groundball, 4, EV 81.9 MPH)
Bottom of the 5th over - 0 runs, 2 hits, 0 errors, 3 left on base; St. Louis 1 - Los Angeles 2
TOP OF THE 6TH
St. Louis Cardinals batting - Pitching for Los Angeles Dodgers : RHP Keylon Mason
Batting: LHB Josef Rosendorff 0-0: SINGLE (Line Drive, 9S, EV 110.0 MPH)
Batting: RHB Edward Lepak 0-0: Called Strike
0-1: Foul Ball, location: 9LSF
0-2: Ball
1-2: Ball
2-2: Foul Ball, location: 9LSF
2-2: Ball
3-2: Strikes out swinging
Batting: RHB Dan Moore 0-0: Ball
1-0: Ball
2-0: Fly out, F8 (Flyball, 8RM, EV 76.9 MPH)
Batting: SHB Lucas Cavanaugh 0-0: Called Strike
0-1: 2-RUN HOME RUN (Flyball, 78XD, EV 103.1 MPH), Distance : 395 ft
Batting: RHB Paco Paredes 0-0: Called Strike
0-1: Ball
1-1: Ball
2-1: Called Strike
2-2: Foul Ball, location: 3FF
2-2: Foul Ball, location: 2F
2-2: Ball
3-2: Ground out 5-3 (Groundball, 56S, EV 72.5 MPH)
Top of the 6th over - 2 runs, 2 hits, 0 errors, 0 left on base; St. Louis 3 - Los Angeles 2
BOTTOM OF THE 6TH
Los Angeles Dodgers batting - Pitching for St. Louis Cardinals : RHP Ian Gatta
Batting: RHB Christian LeTourneau 0-0: Called Strike
0-1: Foul Ball, location: 7LDF
0-2: Foul Ball, location: 23F
0-2: Hit by Pitch
Batting: RHB Noah Summerville 0-0: Bunted foul
0-1: Sac Bunt to 2R - play at first, batter OUT! 2-3
Christian LeTourneau to second
Batting: RHB Griffin Johnston 0-0: Ball
1-0: Swinging Strike
1-1: Swinging Strike
1-2: SINGLE (Line Drive, 8RS, EV 108.1 MPH)
Christian LeTourneau to third
Runner from 3rd tries for Home, SAFE, throw by CF to home
Griffin Johnston to second
Batting: RHB Storm Ellis 0-0: Foul Ball, location: 25F
0-1: Foul Ball, location: 23F
0-2: Strikes out swinging
Batting: LHB Kerry Pietrzak 0-0: Called Strike
0-1: Swinging Strike
0-2: Ball
1-2: Strikes out swinging
Bottom of the 6th over - 1 run, 1 hit, 0 errors, 1 left on base; St. Louis 3 - Los Angeles 3
TOP OF THE 7TH
St. Louis Cardinals batting - Pitching for Los Angeles Dodgers : RHP Keylon Mason
Pitching: RHP Guy Hughes
Batting: SHB Sammy Horgan 0-0: Called Strike
0-1: Foul Ball, location: 9LSF
0-2: Ball
1-2: Fly out, F6 (Popup, 6, EV 54.4 MPH)
Batting: LHB Marcus Jones 0-0: Ball
1-0: Ball
2-0: Called Strike
2-1: Ball
3-1: Swinging Strike
3-2: Strikes out swinging
Pinch Hitting: SHB Mark Crabtree 0-0: Called Strike
0-1: Foul Ball, location: 5F
0-2: Ball
1-2: Foul Ball, location: 2F
1-2: Ball
2-2: Ball
3-2: Strikes out swinging
Top of the 7th over - 0 runs, 0 hits, 0 errors, 0 left on base; St. Louis 3 - Los Angeles 3
BOTTOM OF THE 7TH
Los Angeles Dodgers batting - Pitching for St. Louis Cardinals : RHP Ian Gatta
Pitching: RHP J.J. Jones
Now at SS: Alan Valenzuela
Batting: RHB Everson Alberto 0-0: Ball
1-0: Ball
2-0: Foul Ball, location: 2F
2-1: SINGLE (Groundball, 34S, EV 71.9 MPH) (infield hit)
Batting: RHB Isaac Joseph 0-0: Called Strike
0-1: Called Strike
0-2: Ball
1-2: Strikes out swinging
Pinch Hitting: LHB Trent Veasey 0-0: Called Strike
0-1: Ball
1-1: Foul Ball, location: 2F
1-2: Strikes out looking
Batting: SHB Kevin Tanaka 0-0: Ball
1-0: Ball
2-0: Called Strike
2-1: Foul Ball, location: 2F
2-2: Strikes out swinging
Bottom of the 7th over - 0 runs, 1 hit, 0 errors, 1 left on base; St. Louis 3 - Los Angeles 3
TOP OF THE 8TH
St. Louis Cardinals batting - Pitching for Los Angeles Dodgers : RHP Guy Hughes
Now in CF: Griffin Johnston
Now in RF: Trent Veasey
Batting: SHB Joseph Mitchell 0-0: Called Strike
0-1: Ball
1-1: Ball
2-1: Fly out, F6 (Popup, 4M, EV 58.8 MPH)
Batting: LHB Josef Rosendorff 0-0: Ball
1-0: Called Strike
1-1: Swinging Strike
1-2: Foul Ball, location: 2F
1-2: Foul Ball, location: 9LMF
1-2: Fly out, F9 (Flyball, 89M, EV 92.5 MPH)
Batting: RHB Edward Lepak 0-0: Ball
1-0: Foul Ball, location: 25FF
1-1: Hit by Pitch
Pitching: RHP Scott McKinnis
Batting: RHB Dan Moore 0-0: Ball
1-0: Foul Ball, location: 9LMF
1-1: Called Strike
Edward Lepak steals 2nd base
1-2: Foul Ball, location: 9LDF
1-2: DOUBLE (Flyball, 8RXD, EV 101.3 MPH)
Edward Lepak scores
Batting: SHB Lucas Cavanaugh 0-0: Ball
1-0: Ball
2-0: Called Strike
2-1: Called Strike
2-2: Strikes out swinging
Top of the 8th over - 1 run, 1 hit, 0 errors, 1 left on base; St. Louis 4 - Los Angeles 3
BOTTOM OF THE 8TH
Los Angeles Dodgers batting - Pitching for St. Louis Cardinals : RHP J.J. Jones
Pitching: RHP Mal Tanner
Batting: RHB Christian LeTourneau 0-0: Ball
1-0: Ground out 6-3 (Groundball, 6MD, EV 78.8 MPH)
Batting: RHB Noah Summerville 0-0: Called Strike
0-1: Ball
1-1: Ball
2-1: Swinging Strike
2-2: Foul Ball, location: 9LMF
2-2: Foul Ball, location: 2F
2-2: Ball
3-2: Foul Ball, location: 9LDF
3-2: Foul Ball, location: 2F
3-2: Foul Ball, location: 25F
3-2: Ground out 6-3 (Groundball, 6, EV 86.9 MPH)
Batting: RHB Griffin Johnston 0-0: Ball
1-0: Foul Ball, location: 3FF
1-1: Ball
2-1: Fly out, F7 (Line Drive, 78D, EV 98.8 MPH)
Bottom of the 8th over - 0 runs, 0 hits, 0 errors, 0 left on base; St. Louis 4 - Los Angeles 3
TOP OF THE 9TH
St. Louis Cardinals batting - Pitching for Los Angeles Dodgers : RHP Scott McKinnis
Batting: RHB Paco Paredes 0-0: Foul Ball, location: 3F
0-1: Called Strike
0-2: Foul Ball, location: 9LMF
0-2: SINGLE (Line Drive, 78S, EV 105.0 MPH)
Batting: SHB Sammy Horgan 0-0: Ball
1-0: Sac Bunt to 2R - play at first, batter OUT! 2-3
Paco Paredes to second
Batting: LHB Marcus Jones 0-0: Intentional Walk
Batting: LHB Alan Valenzuela 0-0: Ball
1-0: Ball
2-0: Foul Ball, location: 2LF
2-1: Foul Ball, location: 7LMF
2-2: Ball
3-2: Base on Balls
Paco Paredes to third
Marcus Jones to second
Batting: SHB Joseph Mitchell 0-0: Ball
1-0: Swinging Strike
1-1: Fly out, F7 (Flyball, 78M, EV 96.3 MPH)
Batting: LHB Josef Rosendorff 0-0: Ground out U3 (Groundball, 34S, EV 87.5 MPH)
Top of the 9th over - 0 runs, 1 hit, 0 errors, 3 left on base; St. Louis 4 - Los Angeles 3
BOTTOM OF THE 9TH
Los Angeles Dodgers batting - Pitching for St. Louis Cardinals : RHP Mal Tanner
Batting: RHB Storm Ellis 0-0: Ball
1-0: SINGLE (Flyball, 8RS, EV 87.5 MPH)
Batting: LHB Kerry Pietrzak 0-0: Ball
1-0: Ball
2-0: Foul Ball, location: 2F
2-1: Ball
3-1: Foul Ball, location: 2F
3-2: SINGLE (Line Drive, 7S, EV 95.6 MPH)
Storm Ellis to second
Pitching: RHP Skip Unruh
Batting: RHB Everson Alberto 0-0: Ball
1-0: Foul Ball, location: 7LMF
1-1: 3-RUN HOME RUN (Line Drive, 89XD, EV 101.3 MPH), Distance : 414 ft
Bottom of the 9th over - 3 runs, 3 hits, 0 errors, 0 left on base; St. Louis 4 - Los Angeles 6
Tuesday, April 23rd , 2024 - OOTP Baseball 24.11 Build 85